 Dungeon Crawl Stone Soup version 0.31.0-11-ge490571c62 (webtiles) character file.

Game seed: 16158819284558438633

7 NamelessAdventurer the Ducker (level 2, -3/26 HPs)
             Began as a Gnoll Gladiator on Feb 5, 2024.
             Killed from afar by Sigmund (10 damage)
             ... with a magic dart
             ... on level 2 of the Dungeon.
             The game lasted 00:01:20 (459 turns).

NamelessAdventurer the Ducker (Gnoll Gladiator)      Turns: 459, Time: 00:01:20

Health: -3/26      AC:  4    Str: 13    XL:     2   Next: 0%
Magic:  2/2        EV: 11    Int:  7    God:
Gold:   17         SH:  0    Dex: 13    Spells: 1/1 levels left

rFire   . . .        a - +0 quarterstaff
rCold   . . .        (shield currently unavailable)
rNeg    . . .        b - +0 leather armour
rPois   .            c - +0 helmet
rElec   .            (no cloak)
rCorr   .            (no gloves)
SInv    .            (no boots)
Will    .....        (no amulet)
Stlth   +            (no ring)
HPRegen 0.24/turn    (no ring)
MPRegen 0.08/turn

%: no passive effects
@: constricted
A: fangs 1, strong nose, distributed training
a: no special abilities


You were on level 2 of the Dungeon.
You visited 1 branch of the dungeon, and saw 2 of its levels.

You collected 17 gold pieces.

Inventory:

Hand Weapons
 a - a +0 quarterstaff (weapon)
Missiles
 e - a javelin
 f - 4 boomerangs
Armour
 b - a +0 leather armour (worn)
 c - a +0 helmet (worn)
 g - an orb of light


   Skills:
 + Level 4.4 Fighting
 + Level 0.2 Short Blades
 + Level 0.2 Long Blades
 + Level 0.2 Axes
 + Level 0.2 Maces & Flails
 + Level 0.2 Polearms
 + Level 6.4 Staves
 + Level 0.2 Ranged Weapons
 + Level 4.4 Throwing
 + Level 0.2 Armour
 + Level 6.4 Dodging
 + Level 0.2 Stealth
 + Level 0.2 Shields
 + Level 0.2 Unarmed Combat
 + Level 0.2 Spellcasting
 + Level 0.1 Conjurations
 + Level 0.1 Hexes
 + Level 0.1 Summonings
 + Level 0.1 Necromancy
 + Level 0.1 Translocations
 + Level 0.1 Fire Magic
 + Level 0.1 Ice Magic
 + Level 0.1 Air Magic
 + Level 0.1 Earth Magic
 + Level 0.1 Alchemy
 + Level 0.3 Invocations
 + Level 0.2 Evocations
 + Level 0.2 Shapeshifting


You had one spell level left.
You didn't know any spells.
Your spell library contained the following spells:

 Spells                   Type           Power      Damage    Failure   Level
 Stone Arrow              Conj/Erth      0%         3d7       86%         3
 Animate Armour           Summ/Erth      0%         N/A       99%         4
 Lehudib's Crystal Spear  Conj/Erth      0%         10d2      100%        8


Dungeon Overview and Level Annotations

Branches:
Dungeon (2/15)

Altars:

Annotations:
D:2 Sigmund


Innate Abilities, Weirdness & Mutations

You have very sharp teeth.
Your uncanny sense of smell can sniff out nearby items.
Your experience applies equally to all skills.


Message History

Sigmund casts a spell at you. The magic dart hits you.
The ball python bites you but does no damage.
The ball python constricts you.
You hit Sigmund. Your bite misses Sigmund.
Sigmund is almost dead.
Sigmund hits you with a +0 scythe!
* * * LOW HITPOINT WARNING * * *
The frilled lizard bites you.
* * * LOW HITPOINT WARNING * * *
The ball python bites you but does no damage.
The ball python constricts you.
It was a potion of curing.
You feel better. The frilled lizard barely misses you.
The ball python completely misses you. The ball python constricts you.
Sigmund barely misses you.
Throw: 2 throwing nets
Press: ? - help, Q - select action, (/) - cycle Shift-Dir - straight line, f/p - Sigmund
Aim: Sigmund, wielding a +0 scythe and wearing a +2 robe of positive energy (almost dead, 55% to hit)
You throw a throwing net.
The throwing net closely misses Sigmund.
The frilled lizard bites you but does no damage.
The ball python closely misses you. The ball python constricts you.
Throw: throwing net
Press: ? - help, Q - select action, (/) - cycle Shift-Dir - straight line, f/p - Sigmund
Aim: Sigmund, wielding a +0 scythe and wearing a +2 robe of positive energy (almost dead, 55% to hit)
You throw a throwing net. The throwing net hits Sigmund.
Sigmund is caught in the net!
Sigmund is almost dead.
The ball python bites you. The ball python constricts you.
The frilled lizard closely misses you.
Sigmund struggles against the net.
You hit Sigmund but do no damage.
Sigmund is almost dead.
The ball python bites you but does no damage.
The ball python constricts you.
* * * LOW HITPOINT WARNING * * *
The frilled lizard closely misses you. Sigmund gestures at you while chanting.
The magic dart hits you!
You die...
Sigmund begins carving another notch in his scythe.

###########
......S@@(#
.#######l......
#.##... ## # ∆


You could see Sigmund (caught), a ball python and a frilled lizard.

Vanquished Creatures
  A giant cockroach (D:1)
  A hobgoblin (D:1)
  2 kobolds (D:1)
  A bat (D:1)
  A rat (D:1)
6 creatures vanquished.

Notes
Turn   | Place    | Note
-------+----------+-------------------------------------------
     0 | D:1      | NamelessAdventurer the Gnoll Gladiator began the quest for
                  | the Orb.
     0 | D:1      | Reached XP level 1. HP: 20/20 MP: 1/1
   432 | D:1      | Reached XP level 2. HP: 26/26 MP: 2/2
   442 | D:2      | Noticed Sigmund
   459 | D:2      | Killed from afar by Sigmund

Illustrated notes

Levels and vault maps discovered:
D:1:      psy_arrival_fountain, layout_basic, serial_park_tiny_pond,
          dreamdust_mushroom_princess, st_stairs_12
D:2:      layout_loops_cross, kennysheep_generic_room_6, uniq_sigmund,
          uniq_robin

Action                     || total
---------------------------++-------
  Melee: Quarterstaff      ||    22
         Bite              ||     1
  Throw: Throwing net      ||     3
    Use: Scroll            ||     3
         Potion            ||     1
 Armour: Leather armour    ||    18
  Dodge: Dodged            ||    23
